 Dungeon Crawl Stone Soup version 0.28-a0-1152-g9c71ebef14 (webtiles) character file.

Game seed: 16425408833400206555

23 emnemthenerd the Skirmisher (level 2, -3/27 HPs)
             Began as a Draconian Berserker on Dec 14, 2021.
             Was a Follower of Trog.
             Slain by a worm (9 damage)
             ... on level 2 of the Dungeon.
             The game lasted 00:07:42 (1293 turns).

emnemthenerd the Skirmisher (Draconian Berserker)   Turns: 1293, Time: 00:07:43

Health: -3/27      AC:  4    Str: 19    XL:     2   Next: 72%
Magic:  2/2        EV: 12    Int:  7    God:    Trog [*.....]
Gold:   45         SH:  0    Dex: 10    Spells: 1/1 levels left

rFire   . . .      SeeInvis .   a - +0 falchion
rCold   . . .      Faith    .   (no shield)
rNeg    . . .      Spirit   .   (armour unavailable)
rPois   .          Reflect  .   (helmet restricted)
rElec   .          Harm     .   (no cloak)
rCorr   .          Rampage  .   (no gloves)
Will    .....                   (no boots)
Stlth   +.........              (no amulet)
HPRegen 0.09/turn               (no ring)
MPRegen 0.08/turn               (no ring)

@: no status effects
A: AC +4, unfitting armour, cold-blooded
a: Renounce Religion, Berserk


You were on level 2 of the Dungeon.
You worshipped Trog.
Trog was aware of your devotion.
You visited 1 branch of the dungeon, and saw 2 of its levels.

You collected 45 gold pieces.

Inventory:

Hand Weapons
 a - a +0 falchion (weapon)
 i - a +0 dagger
Missiles
 c - 34 arrows
 d - 35 bolts
 g - 2 boomerangs (quivered)
Armour
 f - a +0 chain mail
Scrolls
 b - 2 scrolls of identify {unknown}
 e - a scroll of enchant weapon {unknown}
 h - a scroll of noise {unknown}
Potions
 j - a potion of curing
 k - a potion of haste {unknown}


   Skills:
 + Level 3.8 Fighting
 + Level 3.3 Long Blades
 + Level 3.0 Dodging


You had one spell level left.
You didn't know any spells.
Your spell library contained the following spells:

 Spells                   Type           Power      Damage    Failure   Level
 Animate Skeleton         Necr           0%         N/A       43%         1
 Pain                     Necr           0%         1d4       43%         1
 Vampiric Draining        Necr           0%         2d6       80%         3


Dungeon Overview and Level Annotations

Branches:
Dungeon (2/15)

Altars:


Innate Abilities, Weirdness & Mutations

Your plain brown scales are hard. (AC +4)
You cannot fit into any form of body armour.
You are cold-blooded and may be slowed by cold attacks.


Message History

You hit the worm.
The worm is lightly wounded.
The hobgoblin completely misses you.
You hit the worm.
The worm is lightly wounded.
The hobgoblin hits you. The worm bites you.
You barely miss the worm.
The worm is lightly wounded.
The hobgoblin hits you. The worm bites you.
You hit the worm.
The worm is lightly wounded.
The hobgoblin hits you but does no damage.
A worm comes into view.
The hobgoblin closely misses you.
You hit the worm.
The worm is lightly wounded.
The worm barely misses you.
The hobgoblin hits you but does no damage.
You hit the worm.
Your tail-slap misses the worm.
The worm is heavily wounded.
The hobgoblin hits you. The worm misses you.
You hit the worm but do no damage.
The worm is heavily wounded.
The hobgoblin closely misses you.
You hit the worm.
Your tail-slap misses the worm.
The worm is heavily wounded.
The hobgoblin hits you. The worm bites you.
You hit the worm but do no damage.
The worm is heavily wounded.
The hobgoblin hits you but does no damage.
The worm closely misses you.
You hit the worm.
The worm is heavily wounded.
The hobgoblin barely misses you.
You hit the worm but do no damage.
The worm is heavily wounded.
The hobgoblin hits you.
* * * LOW HITPOINT WARNING * * *
The worm bites you!
You die...

.. .... .g...
#########.....
#.....@ww.....
#......g......
#.............
##....#+######
#.##.# ####### #.
#.# #.....# .
#.#. #.....# .#
#.#.##### #.....#
..
#.#.....###.....#


You could see 2 worms and a hobgoblin.

Vanquished Creatures
  A gnoll (D:1)
  A worm (D:2)
  A ball python (D:1)
  2 goblins
  4 jackals (D:1)
9 creatures vanquished.

Vanquished Creatures (others)
  2 fungi (D:1)
  4 plants (D:1)
6 creatures vanquished.

Grand Total: 15 creatures vanquished

Notes
Turn   | Place    | Note
-------+----------+-------------------------------------------
     0 | D:1      | emnemthenerd the Draconian Berserker began the quest for
                  | the Orb.
     0 | D:1      | Reached XP level 1. HP: 19/19 MP: 1/1
   481 | D:1      | Found a faded altar of an unknown god.
   492 | D:1      | Reached XP level 2. HP: 26/26 MP: 2/2
  1293 | D:2      | Slain by a worm

Illustrated notes

Levels and vault maps discovered:
D:1:      lemuel_arrival_funnel, layout_basic,
          shapermc_ecumenical_altar_mp_ritualfount
D:2:      layout_basic, kennysheep_another_room, hangedman_abyss_or_decor_stabs,
          item_on_display_a

Skill      XL: |  1  2 |
---------------+-------+-----
Dodging        | 3 |  3.0
Fighting       | |  3.8
Long Blades    | |  3.3

Action                   || total
-------------------------++-------
Melee: Falchion          ||    64
       Tailslap          ||     6
  Use: Scroll            ||     1
       Potion            ||     1
 Stab: Sleeping          ||     1
Armor: Skin              ||    15
Dodge: Dodged            ||    34

Table legend: (Time is in decaauts)
 A = Elapsed time spent in this place.
 B = Non-inter-level travel time spent in this place.
 C = Inter-level travel time spent in this place.
 D = Time resting spent in this place.
 E = Time spent auto-exploring this place.
 F = Levels seen in this place.
 G = Mean time per level.
                   A        B        C        D        E       F      G
               +--------+--------+--------+--------+--------+-----+--------+
         Total |   1302 |   1302 |      0 |    583 |    315 |   2 |  651.0 |
       Dungeon |   1302 |   1302 |      0 |    583 |    315 |   2 |  651.0 |
               +--------+--------+--------+--------+--------+-----+--------+

Top non-repeatable levels by time:
     D:1: 1065 daAuts
     D:2: 236 daAuts
